 Dungeon Crawl Stone Soup version 0.31-a0-876-gfe8ebadbca (webtiles) character file.

Game seed: 13304119540896494716

2716 Jeffwins the Magician (level 9, -1/65 HPs)
             Began as an Armataur Hedge Wizard on Oct 13, 2023.
             Was a Follower of Vehumet.
             Slain by an orc warrior
             ... wielding a +0 battleaxe
              (15 damage)
             ... on level 7 of the Dungeon.
             The game lasted 00:13:44 (5880 turns).

Jeffwins the Magician (Armataur Hedge Wizard)       Turns: 5880, Time: 00:13:45

Health: -1/65      AC:  6    Str: 24    XL:     9   Next: 39%
Magic:  12/16      EV:  9    Int: 16    God:    Vehumet [*.....]
Gold:   390        SH:  0    Dex:  8    Spells: 2/17 levels left

rFire   . . .        v - +4 dire flail (heavy)
rCold   + . .        (shield currently unavailable)
rNeg    . . .        C - +2 robe {rC+}
rPois   .            c - +0 hat
rElec   .            (no cloak)
rCorr   .            (no gloves)
SInv    .            (no barding)
Will    .....        g - amulet of regeneration
Stlth   ++           (no ring)
HPRegen 1.10/turn    (no ring)
MPRegen 0.15/turn

%: roll
@: freezing walls
A: large, rugged brown scales 3, deformed body, armoured tail, roll, long
tongue, awkward tongue, antennae 1, frail 1, strong 2
a: Renounce Religion


You were on level 7 of the Dungeon.
You worshipped Vehumet.
Vehumet was aware of your devotion.
You visited 2 branches of the dungeon, and saw 8 of its levels.

You collected 459 gold pieces.
You spent 69 gold pieces at shops.


Innate Abilities, Weirdness & Mutations

You are completely covered in rugged brown scales. (AC +3, +7% HP)
Armour fits poorly on your strangely shaped body.
You have a long armoured tail.
You roll when moving toward enemies. (Rampage)
Your long tongue fully drains potion bottles. (2x potion effects)
Your tongue gives you trouble enunciating. (1.5x scroll delay)
You have a pair of small antennae on your head.
You are frail. (-10% HP)
Your muscles are very strong. (Str +8, Int/Dex -2)


   Skills:
 + Level 2.6 Fighting
 + Level 3.7 Armour
 - Level 2.0 Dodging
 + Level 4.3 Stealth
 + Level 3.3 Shields
 * Level 4.8 Spellcasting
 * Level 4.2 Conjurations
 * Level 3.8 Summonings
 * Level 2.2 Translocations
 * Level 3.9 Ice Magic
 * Level 2.3 Air Magic
 * Level 2.3 Poison Magic
 + Level 2.6 Evocations


You had 2 spell levels left.
You knew the following spells:

 Your Spells              Type           Power      Damage    Failure   Level
c - Frozen Ramparts       Ice            32%        1d5       10%         3
m - Mephitic Cloud        Conj/Pois/Air  13%        N/A       14%         3
x - Call Imp              Summ           32%        N/A       4%          2
z - Magic Dart            Conj           68%        1d6       2%          1
I - Blink                 Tloc           22%        N/A       10%         2
X - Manifold Assault      Tloc           11%        N/A       52%         4

Your spell library contained the following spells:

 Spells                   Type           Power      Damage    Failure   Level
 Static Discharge         Conj/Air       28%        2-4/arc   6%          2
 Freeze                   Ice            64%        1d7       3%          1
 Cigotuvi's Dreadful Rot  Necr/Pois/Air  16%        N/A       12%         2
 Slow                     Hex            12%        N/A       16%         1
 Hailstorm                Conj/Ice       17%        3d6       9%          3
 Confusing Touch          Hex            3%         N/A       43%         3
 Sigil of Binding         Hex            3%         N/A       43%         3
 Vampiric Draining        Necr           3%         2d6       43%         3

Inventory:

Hand Weapons
 n - a +0 rapier
 s - a +0 trident
 v - a +4 heavy dire flail (weapon)
 x - a +3 hand axe
 y - a +3 short sword
Missiles
 i - 3 poisoned darts
 A - a throwing net {=f}
Armour
 b - a +0 robe
 c - a +0 hat (worn)
 l - a +0 buckler
 q - a +2 scale mail of fire resistance
 w - a +0 kite shield
 C - a +2 robe of cold resistance (worn)
Jewellery
 g - an amulet of regeneration (around neck)
Wands
 u - a wand of flame (10)
 z - a wand of mindburst (12)
Scrolls
 f - 2 scrolls of immolation {!r}
 h - a scroll of vulnerability {!r}
 j - a scroll of silence {unknown}
 k - a scroll of fear
 p - a scroll of enchant weapon
 r - 2 scrolls of identify {@r1}
 t - 6 scrolls of teleportation {unknown}
Potions
 a - 2 potions of mutation {!q}
 d - a potion of magic
 e - a potion of enlightenment
 m - a potion of attraction {unknown}
 o - a potion of haste {@q3}
 B - a potion of degeneration {unknown}

Dungeon Overview and Level Annotations

Branches:
Dungeon (7/15)             Temple (1/1) D:5

Altars:
Ashenzari
Cheibriados
Dithmenos
Elyvilon
Gozag
Kikubaaqudgha
Makhleb
Nemelex Xobeh
Okawaru
Qazlal
Sif Muna
Uskayaw
Vehumet
Yredelemnul
Zin
The Shining One

Shops:
D:5

*: #h...# #...#..
#...#)### ###...#.⌠
.#.⌠.#.### .#...#.
~≈#...#.#..
'...~###≈≈≈~###~.... #
.<..~≈≈≈≈~≈≈≈≈..+†< ...
#..5≈≈≈≈≈≈~≈≈~..#.†
##..###)o)###≈≈≈≈###~.#..
.......o@#...#~~#...#....
.........#.⌠.#..#.⌠.#....
########.#...#..#...#.#.#
#).###....###...(#
#.).............##
#############..)# #####


You could see an orc warrior, an orc (ally target) and a friendly cerulean imp
(summoned).


Message History

You kill the orc wizard!
Vehumet accepts your kill.
Vehumet offers you knowledge of Static Discharge.
You hear a splash. x2
The wall freezes the orc warrior but does no damage.
The orc warrior hits you with a +0 battleaxe.
Your cerulean imp misses the orc.
The wall freezes the orc warrior.
The orc warrior hits you with a +0 battleaxe!!
* * * LOW HITPOINT WARNING * * *
Your cerulean imp hits the orc with a -3 spear.
The wall freezes the orc.
The orc misses you.
Aiming: Mindburst
Press: ? - help, Shift-Dir - straight line, f - orc warrior
Aim: an orc warrior, wielding a +0 battleaxe and wearing a +0 chain mail (lightly wounded, chance to affect: 75%)
The orc warrior's mind is blasted!!
The frozen ramparts melt away.
The orc warrior hits you with a +0 battleaxe!
* * * LOW HITPOINT WARNING * * *
Your cerulean imp barely misses the orc.
The orc hits you with a +0 dagger.
* * * LOW HITPOINT WARNING * * *
Unknown command.
Unknown command.
Casting: Frozen Ramparts (dangerous; 10% risk of failure)
Confirm with . or Enter, or press ? or * to list all spells.
Casting: Frozen Ramparts (dangerous; 10% risk of failure)
Press: ? - help, Dir - look around, f - activate The walls around you are covered in ice.
The wall freezes the orc warrior but does no damage.
The orc warrior hits you with a +0 battleaxe!
You die...

Skill      XL: |  1  2  3  4  5  6  7  8  9 |
---------------+----------------------------+-----
Conjurations   | 1 2 3 4 |  4.2
Summonings     | 1 2 3 |  3.8
Spellcasting   | 3 4 |  4.8
Armour         | 1 2 3 |  3.7
Ice Magic      | 1 2 3 |  3.9
Shields        | 1 2 3 |  3.3
Fighting       | 1 2 |  2.6
Stealth        | 3 4 |  4.3
Evocations     | 1 2 |  2.6
Dodging        | 2 |  2.0
Poison Magic   | 1 2 |  2.3
Air Magic      | 1 2 |  2.3
Translocations | 2 |  2.2

Action                     |  1- 3 |  4- 6 |  7- 9 || total
---------------------------+-------+-------+-------++-------
  Melee: Dagger            |    30 |       |       ||    30
         Tailslap          |     8 |    15 |    17 ||    40
         Rapier            |     6 |    28 |       ||    34
         Trident           |       |    45 |       ||    45
         Dire flail        |       |    13 |   170 ||   183
         Punch             |       |     1 |       ||     1
   Cast: Magic Dart        |    87 |    22 |    25 ||   134
         Frozen Ramparts   |     1 |       |     8 ||     9
         Call Imp          |       |    10 |     8 ||    18
  Evoke: Wand              |       |     4 |     6 ||    10
    Use: Scroll            |     4 |       |       ||     4
         Potion            |       |       |     7 ||     7
   Stab: Sleeping          |     1 |       |     2 ||     3
         Distracted        |       |     1 |     1 ||     2
         Paralysed         |       |    14 |       ||    14
 Armour: Robe              |    27 |    89 |   109 ||   225
         Scale mail        |       |       |   150 ||   150
         Skin              |       |       |    25 ||    25
  Dodge: Dodged            |    16 |    48 |   116 ||   180

Levels and vault maps discovered:
D:1:      roderic_dead_forest, layout_loops_ring, kennysheep_small_spiral
D:2:      minmay_chambers_of_twos, layout_basic,
          dreamdust_ecumenical_altar_grove
D:3:      layout_basic, mainiacjoe_overflow_big_doors, portal_sewer_entry_e
D:4:      layout_basic, serial_undead, serial_undead_b, serial_undead_b,
          serial_undead_b, serial_undead_c, serial_undead_f, uniq_edmund
D:5:      layout_rooms, minmay_temple_entry_glass, serial_shops,
          nicolae_shop_tiny_statue_garden, nicolae_square_shop,
          minmay_gold_behind_fungi
D:6:      layout_loops_ring
D:7:      layout_gridville, old_standard_altar, hangedman_decor_points,
          nicolae_wooded_promenade, fountainhead
Temple:   eino_temple_lava

Notes
Turn   | Place    | Note
-------+----------+-------------------------------------------
     0 | D:1      | Jeffwins the Armataur Hedge Wizard began the quest for the
                  | Orb.
     0 | D:1      | Reached XP level 1. HP: 14/14 MP: 4/4
   342 | D:1      | Reached skill level 1 in Conjurations
   941 | D:2      | Reached XP level 2. HP: 20/21 MP: 0/5
  1061 | D:2      | Found a faded altar of an unknown god.
  1226 | D:2      | Reached skill level 1 in Summonings
  1561 | D:2      | Reached XP level 3. HP: 27/27 MP: 4/7
  1566 | D:2      | Learned a level 2 spell: Call Imp
  1570 | D:2      | Learned a level 3 spell: Frozen Ramparts
  1724 | D:2      | Reached skill level 3 in Spellcasting
  1960 | D:2      | Identified the +2 pair of boots of an ice cave {Harm rF+}
  2788 | D:3      | Found a basalt altar of Yredelemnul.
  2793 | D:3      | Found a stormy altar of Qazlal.
  3029 | D:3      | Reached skill level 1 in Armour
  3215 | D:4      | Reached XP level 4. HP: 36/36 MP: 1/8
  3284 | D:4      | Reached skill level 1 in Ice Magic
  3324 | D:4      | Reached skill level 1 in Shields
  3324 | D:4      | Reached XP level 5. HP: 40/41 MP: 5/9
  3364 | D:4      | Noticed a phantom
  3381 | D:4      | HP: 3/41 [phantom (5)]
  3383 | D:4      | Killed a phantom
  3384 | D:4      | Reached skill level 1 in Fighting
  3384 | D:4      | Reached skill level 2 in Conjurations
  3602 | D:4      | Noticed an ogre
  3606 | D:4      | Reached skill level 3 in Stealth
  3606 | D:4      | Reached XP level 6. HP: 49/50 MP: 8/11
  3622 | D:4      | Noticed Edmund
  3666 | D:4      | Killed Edmund
  3667 | D:4      | Reached skill level 2 in Armour
  3667 | D:4      | Reached skill level 2 in Summonings
  3667 | D:4      | Reached skill level 1 in Evocations
  3688 | D:4      | Reached skill level 2 in Dodging
  3688 | D:4      | Reached skill level 2 in Ice Magic
  3827 | D:4      | Reached XP level 7. HP: 54/55 MP: 7/12
  3836 | D:4      | Gained mutation: Your muscles are strong. (Str +4, Int/Dex
                  | -1) [potion of mutation]
  3836 | D:4      | Gained mutation: Your muscles are very strong. (Str +8,
                  | Int/Dex -2) [potion of mutation]
  3836 | D:4      | Gained mutation: You are frail. (-10% HP) [potion of
                  | mutation]
  3836 | D:4      | Gained mutation: You have a pair of small antennae on your
                  | head. [potion of mutation]
  3837 | D:4      | Identified a potion of resistance
  3921 | D:4      | Reached skill level 2 in Shields
  4125 | D:5      | Entered Level 5 of the Dungeon
  4176 | D:5      | Found Goazxyekk's Assorted Antiques.
  4187 | D:5      | Reached skill level 3 in Conjurations
  4199 | D:5      | Bought a scroll of identify for 48 gold pieces
  4199 | D:5      | Bought a metallic yellow potion for 21 gold pieces
  4328 | D:5      | Reached skill level 4 in Spellcasting
  4357 | D:5      | Reached XP level 8. HP: 48/59 MP: 11/14
  4358 | D:5      | Reached skill level 2 in Fighting
  4360 | D:5      | Reached skill level 2 in Evocations
  4490 | D:5      | Found a staircase to the Ecumenical Temple.
  4513 | D:5      | Reached skill level 3 in Summonings
  4513 | D:5      | Reached skill level 3 in Ice Magic
  4514 | Temple   | Entered the Ecumenical Temple
  4539 | Temple   | Became a worshipper of Vehumet
  4553 | D:5      | Learned a level 2 spell: Blink
  4557 | D:5      | Learned a level 3 spell: Mephitic Cloud
  4558 | D:5      | Found Luociajy's Book Boutique.
  4775 | D:6      | Reached skill level 3 in Armour
  4894 | D:6      | Reached skill level 1 in Poison Magic
  4953 | D:6      | Reached skill level 1 in Air Magic
  5076 | D:6      | Reached skill level 4 in Stealth
  5328 | D:6      | Reached skill level 4 in Conjurations
  5332 | D:6      | Reached XP level 9. HP: 44/65 MP: 15/15
  5417 | D:6      | Reached * piety under Vehumet
  5417 | D:6      | Offered knowledge of Kiss of Death by Vehumet.
  5429 | D:6      | Reached skill level 3 in Shields
  5437 | D:6      | Reached skill level 2 in Poison Magic
  5476 | D:6      | Learned a level 4 spell: Manifold Assault
  5716 | D:7      | Reached skill level 2 in Air Magic
  5812 | D:7      | Reached skill level 2 in Translocations
  5878 | D:7      | Offered knowledge of Static Discharge by Vehumet.
  5880 | D:7      | Slain by an orc warrior

Vanquished Creatures
  A wyvern (D:7)
  Edmund (D:4)
  2 sky beasts
  3 ice beasts (D:6)
  An orc warrior (D:7)
  3 black bears
  An ogre (D:5)
  A phantom (D:4)
  2 scorpions
  A water moccasin zombie (D:4)
  A wight (D:6)
  5 howler monkeys
  4 orc priests
  A hound (D:6)
  4 jellies
  A centaur skeleton (D:4)
  2 gnoll boudas (D:6)
  An iguana (D:5)
  6 orc wizards
  A hound zombie (D:4)
  3 hound skeletons (D:4)
  10 gnolls
  5 adders
  A white imp (D:6)
  An ufetubus (D:6)
  An adder skeleton (D:4)
  3 worms
  A dart slug (D:4)
  18 orcs
  2 bats
  6 endoplasms
  A giant cockroach (D:2)
  3 goblins
  6 hobgoblins
  3 jackals (D:4)
  6 kobolds
  A quokka (D:4)
  4 ball pythons
  A frilled lizard (D:2)
  5 rats
123 creatures vanquished.

Vanquished Creatures (collateral kills)
  An ogre (D:4)
  A phantom (D:4)
  A howler monkey (D:4)
  A scorpion zombie (D:4)
  2 orcs (D:5)
  A ball python (D:4)
  A goblin (D:4)
8 creatures vanquished.

Grand Total: 131 creatures vanquished

Table legend: (Time is in decaauts)
 A = Elapsed time spent in this place.
 B = Non-inter-level travel time spent in this place.
 C = Inter-level travel time spent in this place.
 D = Time resting spent in this place.
 E = Time spent auto-exploring this place.
 F = Levels seen in this place.
 G = Mean time per level.
                   A        B        C        D        E       F      G
               +--------+--------+--------+--------+--------+-----+--------+
         Total |   6055 |   5657 |    398 |     89 |   4288 |   8 |  756.9 |
       Dungeon |   6021 |   5631 |    390 |     89 |   4272 |   7 |  860.1 |
        Temple |     34 |     26 |      8 |      0 |     16 |   1 |   34.0 |
               +--------+--------+--------+--------+--------+-----+--------+

Top non-repeatable levels by time:
     D:2: 1241 daAuts
     D:6: 1068 daAuts
     D:4: 1039 daAuts
     D:3: 1030 daAuts
     D:1: 870 daAuts
     D:5: 561 daAuts
     D:7: 209 daAuts
  Temple: 34 daAuts

Table legend:
 A = Non-vault XP
 B = Vault XP
 C = Vault XP percentage of total XP
 D = Non-vault monster count
 E = Vault monster count
 F = Vault count percentage of total count
                 A         B        C        D         E       F
            +---------+---------+-------+---------+---------+-------
      Total |    3368 |     513 |  13.2 |     113 |      18 |  13.7
            +---------+---------+-------+---------+---------+-------
        D:1 |       9 |       0 |   0.0 |       5 |       0 |   0.0
        D:2 |      39 |      23 |  37.1 |      12 |       8 |  40.0
        D:3 |      23 |       0 |   0.0 |       7 |       0 |   0.0
        D:4 |     419 |     490 |  53.9 |      23 |      10 |  30.3
        D:5 |     604 |       0 |   0.0 |      12 |       0 |   0.0
        D:6 |    1362 |       0 |   0.0 |      34 |       0 |   0.0
        D:7 |     912 |       0 |   0.0 |      20 |       0 |   0.0
            +---------+---------+-------+---------+---------+-------
